Map: Arctic Gates

Players

Boubou

  • Race: Protoss Protoss
  • Spawn Location: 0:00

ILIEKEGGPIE

  • Race: Protoss Protoss
  • League: Platinum
  • Spawn Location: 3:00

bunker

  • Race: Terran Terran
  • Spawn Location: 0:00

Zenmpsis

  • Race: Zerg Zerg
  • League: Silver
  • Spawn Location: 9:00

VOD

Have the link to the VOD?

Description

Time

  • Played on: April 17, 2018, 6:05 p.m.
  • Length: 5:45
Show
View Real Time Build Order
Export as new Build Order

Boubou Protoss 

Build Orders:  

Get SALT Encoding   

  12  0:07  Probe  
  13  0:28  Pylon  
  13  0:30  Probe  
  14  0:42  Probe  
  15  0:49  Gateway  
  15  0:52  Probe  
  15  0:54  Gateway  
  16  1:00  Probe  
  16  1:08  Probe  
  16  1:11  Pylon  
  18  1:20  Assimilator, Probe  
  19  1:32  Probe  
  20  1:37  Cybernetics Core  
  20  1:44  Pylon  
  20  1:58  Assimilator  
  20  2:04  Forge  
  20  2:08  Zealot x2  
  24  2:13  Warp Gate  
  24  2:20  Probe  
  24  2:29  Probe  
  26  2:38  Probe  
  26  2:42  Photon Cannon  
  27  2:45  Pylon  
  27  2:50  Zealot  
  29  3:03  Zealot  
  31  3:17  Twilight Council  
  31  3:25  Gateway  
  31  3:27  Stalker  
  33  3:49  Charge  
  33  3:53  Photon Cannon  
  29  3:58  Photon Cannon  
  25  4:12  Photon Cannon  
  25  4:16  Photon Cannon  
  25  4:38  Zealot, Gateway  
  25  4:41  Zealot  
  29  5:02  Zealot  
  29  5:03  Zealot  
  31  5:30  Gateway  
  31  5:33  Zealot x2  
Show
View Real Time Build Order
Export as new Build Order

ILIEKEGGPIE Protoss 

Build Orders:  

Get SALT Encoding   

  12  0:00  Probe  
  13  0:12  Probe  
  14  0:18  Pylon  
  14  0:24  Probe  
  15  0:33  Probe  
  16  0:43  Gateway  
  16  0:45  Probe  
  17  0:58  Probe  
  17  0:59  Assimilator  
  18  1:04  Gateway  
  18  1:08  Probe  
  19  1:16  Probe  
  20  1:30  Pylon  
  20  1:33  Cybernetics Core  
  20  1:47  Probe  
  21  2:02  Assimilator  
  21  2:07  Warp Gate  
  21  2:15  Nexus  
  21  2:21  Adept  
  23  2:23  Adept  
  25  2:32  Probe  
  26  2:51  Pylon  
  26  2:56  Probe  
  27  3:10  Robotics Facility  
  27  3:11  Probe  
  28  3:13  Adept x2  
  32  3:23  Probe  
  32  3:24  Probe  
  33  3:32  Probe  
  34  3:35  Probe  
  34  3:47  Probe  
  33  3:48  Gateway  
  33  3:54  Gateway  
  33  3:58  Pylon  
  33  4:01  Probe  
  33  4:03  Pylon  
  33  4:05  Probe  
  35  4:13  Gateway  
  35  4:17  Probe  
  35  4:22  Gateway  
  34  4:29  Shield Battery  
  23  4:51  Adept x2  
  13  5:24  Pylon  
Show
View Real Time Build Order
Export as new Build Order

bunker Terran 

Build Orders:  

Get SALT Encoding   

  12  0:01  SCV  
  13  0:13  SCV  
  14  0:22  Supply Depot  
  14  0:25  SCV  
  15  0:44  SCV  
  15  0:46  Barracks  
  16  0:56  Barracks, SCV  
  17  1:09  Refinery  
  17  1:13  SCV  
  18  1:21  Refinery  
  18  1:25  SCV  
  19  1:39  Supply Depot  
  19  1:43  Marine x2  
  21  1:51  SCV  
  22  2:04  Orbital Command  
  22  2:06  Marine x2  
  24  2:20  Factory  
  24  2:24  Marine x2  
  26  2:40  Engineering Bay  
  26  2:42  Marine x2  
  28  2:45  SCV  
  29  2:53  Supply Depot  
  29  2:57  SCV  
  31  3:09  Barracks Tech Lab  
  31  3:10  Barracks Reactor  
  30  3:14  Factory Tech Lab  
  30  3:18  Starport  
  30  3:27  Terran Infantry Weapons Level 1  
  30  3:32  Missile Turret  
  30  3:38  Siege Tank  
  33  3:51  SCV  
  34  3:56  Marine x2  
  34  4:02  Starport Reactor  
  36  4:07  SCV  
  37  4:13  Supply Depot  
  37  4:18  Marine x2  
  39  4:34  Marine, SCV  
  41  4:39  Medivac  
  41  4:40  Medivac  
  41  4:43  Marine x2  
  47  4:51  Supply Depot  
  47  5:13  Marauder, SCV  
Show
View Real Time Build Order
Export as new Build Order

Zenmpsis Zerg 

Build Orders: Hatch First 

Get SALT Encoding   

  12  0:01  Drone  
  13  0:09  Drone  
  14  0:40  Extractor  
  14  0:41  Hatchery, Drone  
  14  0:53  Overlord  
  14  0:54  Extractor  
  14  0:55  Drone  
  15  1:11  Spawning Pool  
  14  1:13  Extractor  
  14  1:14  Drone  
  14  1:27  Drone x2  
  14  1:28  Drone  
  17  2:00  Zergling x4  
  17  2:01  Zergling x4  
  21  2:04  Queen  
  21  2:08  Overlord  
  23  2:16  Metabolic Boost  
  23  2:21  Drone x2  
  25  2:23  Zergling x2  
  25  2:28  Zergling x2  
  27  2:35  Zergling x2  
  28  2:37  Zergling x2  
  29  2:45  Zergling x2  
  29  2:47  Zergling x2  
  31  2:55  Zergling x2  
  32  3:00  Zergling x2  
  33  3:06  Zergling x2  
  33  3:08  Overlord  
  34  3:18  Zergling x4  
  36  3:44  Zergling x10  
  36  3:45  Zergling x2  
  40  3:52  Zergling x6  
  42  4:07  Zergling x2  
  42  4:08  Overlord  
  40  4:43  Zergling x2  
  40  4:44  Zergling x10  
  34  5:15  Extractor  
Tags
 
Add a new tag
Caveats
  • Supply blocks, unpowered buildings, or Contaminate may cause inaccurate times.
  • Supply counts are checked every 10 seconds.